[Event "CCT Chessable Masters D-III 2024"]
[Site "Online"]
[Date "2024.02.02"]
[Round "51"]
[White "Zlatan56"]
[Black "Sargissian, Gabriel"]
[Result "0-1"]
[ECO "C84"]
[WhiteElo "2624"]
[BlackElo "2672"]
[Annotator "NA"]
[PlyCount "130"]
[EventDate "2024.01.12"]
[EventType "k.o."]
[EventCountry "NET"]
[SourceTitle "playchess.com"]
[Source "ChessBase"]
[SourceQuality "1"]
[TimeControl "600+2"]

1. e4 e5 2. Nf3 Nc6 3. Bb5 a6 4. Ba4 Nf6 5. O-O Be7 6. d3 b5 7. Bb3 d6 8. a4 Bd7 9. c3 O-O 10. Ba2 bxa4 11. Qxa4 Nd4 12. Qd1 Nxf3+ 13. Qxf3 a5 14. Nd2 a4 15. Nc4 Be6 16. Ne3 Bxa2 17. Rxa2 g6 18. Qd1 Qd7 19. Qc2 Qb5 20. Bd2 Ra6 21. Rfa1 Rfa8 22. c4 Qc6 23. Qd1 Bf8 24. Qf3 Bg7 25. h3 Qb7 26. Bc3 Nd7 27. Rd1 Nc5 28. Ra3 c6 29. h4 h5 30. g4 hxg4 31. Qxg4 Ne6 32. h5 Nf8 33. hxg6 fxg6 34. Ng2 Qd7 35. Qg3 Qe7 36. d4 Re8 37. dxe5 Bxe5 38. Bxe5 Qxe5 39. f4 Qxb2 40. Rxd6 Rxe4 41. Rxg6+ Nxg6 42. Qxg6+ Kf8 43. Rg3 Qd4+ 44. Kh2 Ke7 45. Qf5 Ra8 46. Qh7+ Kd6 47. Rg5 Rh8 48. c5+ Ke6 49. f5+ Kf6 50. Qxh8+ Kxg5 51. Qg8+ Kxf5 52. Qc8+ Kf6 53. Qxc6+ Re6 54. Qf3+ Ke7 55. Qb7+ Kf6 56. Qh7 Qe5+ 57. Kh3 Qf5+ 58. Qxf5+ Kxf5 59. Nh4+ Ke5 60. Nf3+ Kd5 61. Kg4 Rc6 62. Kf4 Rxc5 63. Ke3 Rc3+ 64. Ke2 Rxf3 65. Kxf3 a3 0-1

[Event "CCT Chessable Masters D-III 2024"]
[Site "Online"]
[Date "2024.02.02"]
[Round "51"]
[White "Bortnyk, Oleksandr"]
[Black "Malakhov, Vladimir"]
[Result "1-0"]
[ECO "D00"]
[WhiteElo "2617"]
[BlackElo "2648"]
[Annotator "TA"]
[PlyCount "95"]
[EventDate "2024.01.12"]
[EventType "k.o."]
[EventCountry "NET"]
[SourceTitle "playchess.com"]
[Source "ChessBase"]
[SourceQuality "1"]
[TimeControl "600+2"]

1. d4 d5 2. Nc3 Nf6 3. Bf4 a6 4. e3 e6 5. a3 b5 6. b4 Nbd7 7. Nf3 Bd6 8. Ne5 {[%emt 0:00:01] The position is equal.} Bb7 {[%emt 0:00:04] Inhibits Nc6.} 9. Bd3 Ne4 10. Bxe4 dxe4 11. Qg4 g6 12. Bg5 {[%emt 0:00:03] [#]} (12. h4 $11) 12... Be7 (12... h5 $1 $17 13. Qg3 (13. Qh4 $2 f6 $19) 13... f6 14. Nxd7 Qxd7 (14... Bxg3 15. Nxf6+ Kf7 16. fxg3 $11)) 13. Bxe7 $11 (13. Nxe4 f5 14. Bxe7 Qxe7 $17) 13... Qxe7 14. Nxd7 ({Don't play} 14. Nxe4 f5 15. Qh3 Bxe4 $17) 14... Kxd7 15. h4 (15. Nxe4 $2 {loses.} f5 16. Qe2 Bxe4 $19 (16... fxe4 $2 17. c4 $19)) 15... f5 16. Qh3 (16. Qg3 {with more complications.} Bd5 17. h5 g5 18. Qe5) 16... Bd5 17. O-O c6 18. Rfb1 g5 19. hxg5 Qxg5 20. a4 h5 21. axb5 axb5 22. Qh2 h4 23. Ne2 (23. Kf1 $11) 23... Qg4 (23... Ba2 $1 $15 24. Rc1 h3) 24. Nf4 Rxa1 25. Rxa1 Ra8 $1 26. Rc1 Ra2 27. Qh3 Rb2 28. c3 Ra2 29. Qh1 Bc4 {[%emt 0:00:02][%cal Oa2f2] White must now prevent ...Rxf2!} 30. Nh3 {[%emt 0:00:46] White is weak on the light squares} (30. Qh3 $11 {keeps the balance.}) 30... Qe2 (30... f4 $17 {Threatens to win with ...fxe3.} 31. Nxf4 Rxf2) 31. Kh2 Qb2 32. Qe1 Bd3 33. Kg1 Qd2 34. Qxd2 Rxd2 {[%emt 0:00:01][%mdl 4096] Endgame. KRB-KRN} 35. Nf4 Kd6 36. Ra1 Rc2 37. Ra7 Rxc3 $2 (37... e5 $11 {and Black has nothing to worry.} 38. dxe5+ Kxe5) 38. Ng6 $18 {[%emt 0:00:01][%cal Og6e5] [#] Ne5! would kill now.} e5 39. dxe5+ Kd5 40. Rd7+ Ke6 41. Rd6+ Kf7 42. Rf6+ Kg7 43. Nxh4 c5 44. Nxf5+ {[%emt 0:00:01] White mates.} ({Inferior is} 44. Rxf5 cxb4 45. Rf6 b3 46. Nf5+ Kg8 $11) 44... Kg8 45. e6 cxb4 46. Rg6+ Kh8 47. e7 Rc8 48. Rd6 {[%emt 0:00:03] Weighted Error Value: White=0.11 (very precise) /Black=0.45.  Loses game:     	---       	Black=1      Mistake:       	White=3     	Black=3      Inaccurate:     	White=3     	Black=3      OK:         	White=16    	Black=8      Best:        	White=1     	---        Strong:       	---       	Black=1} 1-0

[Event "CCT Chessable Masters D-III 2024"]
[Site "Online"]
[Date "2024.02.02"]
[Round "51"]
[White "Demchenko, Anton"]
[Black "bardiya_Daneshvar"]
[Result "1/2-1/2"]
[ECO "B53"]
[WhiteElo "2609"]
[BlackElo "2586"]
[Annotator "ChessBase"]
[PlyCount "102"]
[EventDate "2024.01.12"]
[EventType "k.o."]
[EventCountry "NET"]
[SourceTitle "playchess.com"]
[Source "ChessBase"]
[SourceQuality "1"]
[TimeControl "600+2"]

1. e4 c5 2. Nf3 d6 3. d4 cxd4 4. Qxd4 Nf6 5. Bg5 e6 6. Nc3 a6 7. O-O-O Nc6 8. Qd2 h6 9. Bh4 Be7 10. Bxf6 Bxf6 11. Qxd6 Qxd6 12. Rxd6 Ke7 13. Rd2 g5 14. h3 h5 15. Na4 b5 16. Nb6 Rb8 17. Nxc8+ Rbxc8 18. Kb1 g4 19. Ne1 Ne5 20. Be2 Rcg8 21. c3 Bh4 22. g3 Bg5 23. Rd1 h4 24. hxg4 hxg3 25. Rxh8 Rxh8 26. fxg3 Rh2 27. Nf3 Rxe2 28. Nxe5 Rxe4 29. Nc6+ Kf8 30. Rd7 Re1+ 31. Kc2 Re2+ 32. Kb1 Rg2 33. Rd3 Rg1+ 34. Kc2 Rg2+ 35. Kb1 f6 36. Nd4 Kf7 37. Nf3 Bh6 38. g5 Bxg5 39. Nxg5+ fxg5 40. b3 e5 41. c4 bxc4 42. bxc4 e4 43. Re3 Kf6 44. Rxe4 Rxg3 45. Kb2 Kf5 46. Re8 g4 47. c5 Rh3 48. Rf8+ Ke6 49. Rg8 Kd5 50. Rxg4 Kxc5 51. Rg5+ Kb6 1/2-1/2

[Event "CCT Chessable Masters D-III 2024"]
[Site "Online"]
[Date "2024.02.02"]
[Round "51"]
[White "Dreev, Aleksey"]
[Black "Antipov, Mikhail Al."]
[Result "0-1"]
[ECO "E36"]
[WhiteElo "2606"]
[BlackElo "2604"]
[Annotator "ChessBase"]
[PlyCount "118"]
[EventDate "2024.01.12"]
[EventType "k.o."]
[EventCountry "NET"]
[SourceTitle "playchess.com"]
[Source "ChessBase"]
[SourceQuality "1"]
[TimeControl "600+2"]

1. d4 Nf6 2. c4 e6 3. Nc3 Bb4 4. Qc2 O-O 5. a3 Bxc3+ 6. Qxc3 d5 7. Nf3 Nbd7 8. e3 b6 9. b3 Bb7 10. Be2 c5 11. O-O Rc8 12. a4 Re8 13. Ba3 Ne4 14. Qb2 cxd4 15. Nxd4 Qg5 16. f4 Qf6 17. Nb5 a6 18. Qxf6 Ndxf6 19. Nd4 dxc4 20. Bxc4 Nd2 21. Rfc1 Nd5 22. Bxd5 Bxd5 23. Rxc8 Rxc8 24. Rd1 Nxb3 25. e4 Nxd4 26. Rxd4 Bb7 27. Rb4 h5 28. Rxb6 Bxe4 29. Rb2 Rc1+ 30. Kf2 Ra1 31. Rb4 Ra2+ 32. Bb2 Bc6 33. Kg3 Bxa4 34. Kh4 Bc6 35. g3 Bf3 36. h3 a5 37. Rb3 Bd1 38. Rb8+ Kh7 39. g4 hxg4 40. hxg4 a4 41. f5 a3 42. Be5 Rg2 43. fxe6 Rxg4+ 44. Kh3 fxe6 45. Rb7 Rg5 46. Bf6 a2 47. Ra7 Rg6 48. Be5 Bb3 49. Ra3 Rg5 50. Ba1 Bd5 51. Ra7 Kh6 52. Bb2 Kh7 53. Kh4 Rg6 54. Be5 Bc4 55. Kh5 Rg1 56. Bd4 Rg2 57. Be5 Rg1 58. Bd4 Be2+ 59. Kh4 Rg4+ 0-1

[Event "CCT Chessable Masters D-III 2024"]
[Site "Online"]
[Date "2024.02.02"]
[Round "51"]
[White "Antipov, Mikhail Al."]
[Black "Dreev, Aleksey"]
[Result "1/2-1/2"]
[ECO "B40"]
[WhiteElo "2604"]
[BlackElo "2606"]
[Annotator "ChessBase"]
[PlyCount "94"]
[EventDate "2024.01.12"]
[EventType "k.o."]
[EventCountry "NET"]
[SourceTitle "playchess.com"]
[Source "ChessBase"]
[SourceQuality "1"]
[TimeControl "600+2"]

1. e4 c5 2. Nf3 e6 3. b3 Nc6 4. Bb2 d6 5. d4 cxd4 6. Nxd4 Nf6 7. Nxc6 bxc6 8. Bd3 Be7 9. O-O O-O 10. c4 e5 11. Nc3 Be6 12. Qc2 a5 13. Na4 Qc7 14. Rfe1 Nd7 15. Rad1 f6 16. c5 Nxc5 17. Bc4 Bxc4 18. Qxc4+ Kh8 19. Nxc5 dxc5 20. Ba3 Rfd8 21. Bxc5 Bxc5 22. Qxc5 h6 23. g3 Kh7 24. Kg2 Rd7 25. Rxd7 Qxd7 26. Rc1 Ra6 27. Rc3 a4 28. Qc4 Qa7 29. b4 a3 30. Rd3 Rb6 31. Qe6 Qb8 32. Rxa3 Rxb4 33. Rc3 Rd4 34. Rxc6 Rd8 35. h4 Qa7 36. h5 Qa4 37. Qf5+ Kh8 38. Rc7 Rg8 39. Qg6 Qxa2 40. Rf7 Qe6 41. g4 Qc6 42. g5 Qe6 43. Rxf6 Qg4+ 44. Kf1 Qd1+ 45. Kg2 Qg4+ 46. Kf1 Qd1+ 47. Kg2 Qg4+ 1/2-1/2

[Event "CCT Chessable Masters D-III 2024"]
[Site "Online"]
[Date "2024.02.02"]
[Round "51"]
[White "Yoo, Christopher Woojin"]
[Black "rasmussvane"]
[Result "1-0"]
[ECO "D37"]
[WhiteElo "2595"]
[BlackElo "2587"]
[Annotator "ChessBase"]
[PlyCount "153"]
[EventDate "2024.01.12"]
[EventType "k.o."]
[EventCountry "NET"]
[SourceTitle "playchess.com"]
[Source "ChessBase"]
[SourceQuality "1"]
[TimeControl "600+2"]

1. d4 Nf6 2. Nf3 d5 3. c4 e6 4. Nc3 Be7 5. Bf4 O-O 6. e3 Nbd7 7. a3 c5 8. cxd5 Nxd5 9. Nxd5 exd5 10. dxc5 Nxc5 11. Be5 Bf5 12. Be2 Bf6 13. Bxf6 Qxf6 14. Qd4 Qd6 15. Rd1 Rfd8 16. b4 Ne6 17. Qb2 Rac8 18. Rd2 Be4 19. O-O b6 20. Nd4 Nxd4 21. Qxd4 Qg6 22. f3 Bf5 23. e4 Be6 24. Bc4 Rd6 25. exd5 Rcd8 26. Qe5 h6 27. Rc1 Bd7 28. Bd3 Qf6 29. Qxf6 gxf6 30. Rc7 Kf8 31. Be4 a5 32. bxa5 bxa5 33. g4 Bc6 34. Rb2 Bxd5 35. Bxd5 Rxd5 36. Rbb7 Rd2 37. Rxf7+ Kg8 38. Rg7+ Kh8 39. Rh7+ Kg8 40. Rbg7+ Kf8 41. Rc7 Kg8 42. Rhg7+ Kh8 43. Rh7+ Kg8 44. Rcg7+ Kf8 45. Rg6 Ra2 46. Rh8+ Kf7 47. Rxf6+ Kxf6 48. Rxd8 h5 49. Rd3 hxg4 50. fxg4 Kg5 51. h3 a4 52. Kf1 Kf4 53. Ke1 Ke4 54. Rg3 Kf4 55. Rc3 Kg5 56. Kd1 Kh4 57. Kc1 Rf2 58. Rd3 Re2 59. Kb1 Rf2 60. Rd4 Rf3 61. Rxa4 Rxh3 62. Kb2 Rh2+ 63. Kb3 Rh3+ 64. Kb2 Rh2+ 65. Kc3 Rh3+ 66. Kd2 Rf3 67. Ke2 Rb3 68. Kd1 Rf3 69. Kd2 Rg3 70. Ra8 Rxg4 71. a4 Kh5 72. Rh8+ Kg6 73. Rg8+ Kf5 74. Rxg4 Kxg4 75. a5 Kf5 76. a6 Ke6 77. a7 1-0

[Event "CCT Chessable Masters D-III 2024"]
[Site "Online"]
[Date "2024.02.02"]
[Round "51"]
[White "bardiya_Daneshvar"]
[Black "Demchenko, Anton"]
[Result "1/2-1/2"]
[ECO "A54"]
[WhiteElo "2585"]
[BlackElo "2609"]
[Annotator "ChessBase"]
[PlyCount "117"]
[EventDate "2024.01.12"]
[EventType "k.o."]
[EventCountry "NET"]
[SourceTitle "playchess.com"]
[Source "ChessBase"]
[SourceQuality "1"]
[TimeControl "600+2"]

1. d4 Nf6 2. c4 d6 3. Nc3 e5 4. Nf3 Nc6 5. d5 Ne7 6. e4 Ng6 7. g3 Be7 8. h3 h6 9. Be3 O-O 10. Bg2 c6 11. O-O cxd5 12. cxd5 b5 13. Nd2 Bd7 14. a3 Qb8 15. Kh2 Rc8 16. Qb3 Bd8 17. Rfc1 Bb6 18. Na2 Qb7 19. Bf1 a6 20. Qd3 h5 21. Nb4 h4 22. Be2 Qa7 23. Bxb6 Qxb6 24. Kg2 Rab8 25. Qe3 Rc5 26. Rxc5 dxc5 27. Nd3 c4 28. Qxb6 Rxb6 29. Nc5 Be8 30. b3 cxb3 31. Ndxb3 hxg3 32. fxg3 Ne7 33. Nd2 Nc8 34. Nf3 Nd6 35. Bd3 b4 36. axb4 Rxb4 37. Rxa6 Nc4 38. Ra8 Kh7 39. Ra2 Bb5 40. Kf2 Nd6 41. Nxe5 Bxd3 42. Nexd3 Nfxe4+ 43. Ke3 Rc4 44. Nxe4 Rxe4+ 45. Kf3 Rd4 46. Nf4 g5 47. Ra6 gxf4 48. Rxd6 fxg3 49. Kxg3 Rd3+ 50. Kg4 Kg7 51. h4 Kf8 52. h5 Ke7 53. h6 Kxd6 54. h7 f5+ 55. Kxf5 Rh3 56. Kg6 Kxd5 57. Kg7 Ke6 58. h8=Q Rxh8 59. Kxh8 1/2-1/2

[Event "CCT Chessable Masters D-III 2024"]
[Site "Online"]
[Date "2024.02.02"]
[Round "51"]
[White "Sethu Madhav Upadhyayula"]
[Black "KuzubovYuriy"]
[Result "0-1"]
[ECO "C42"]
[WhiteElo "1502"]
[BlackElo "2682"]
[Annotator "TA"]
[PlyCount "72"]
[EventDate "2024.01.12"]
[EventType "k.o."]
[EventCountry "NET"]
[SourceTitle "playchess.com"]
[Source "ChessBase"]
[SourceQuality "1"]
[TimeControl "600+2"]

1. e4 e5 2. Nf3 Nf6 3. Nxe5 d6 4. Nf3 Nxe4 5. Nc3 Nf6 6. d4 g6 7. Bg5 {[%emt 0:00:29] Hoping for Qe2+.} Bg7 8. Qe2+ Kf8 $1 {[%emt 0:00:00] White is slightly better.} 9. O-O-O a6 10. Qd2 h6 {[%emt 0:00:07] Inhibits h4.} 11. Bh4 b5 12. Bd3 Bb7 13. Rhe1 Nbd7 14. Kb1 Nb6 15. Qe2 Qd7 16. Bxf6 Bxf6 17. Be4 $2 (17. Ne4 $11 {and White is okay.} Bg7 18. Ng3) 17... d5 $1 $19 18. Ne5 Bxe5 19. dxe5 Qe6 $1 (19... b4 20. Bxg6 fxg6 21. Ne4 $15) 20. Bf3 b4 $1 21. Bg4 Qe7 22. e6 bxc3 23. Qe5 f6 24. Qxc3 Kg7 25. h4 h5 26. Bf3 c5 27. Qb3 Qd6 {[%emt 0:01:12] ...Rab8 is the strong threat.} 28. e7 $2 (28. c4 {is the only way for White.}) 28... Rab8 29. g4 c4 30. Qe3 Bc6 $2 (30... hxg4 $19 {is more deadly.} 31. Bxg4 Rbe8 (31... Rxh4 $2 32. e8=Q $18)) 31. gxh5 $17 {[%emt 0:00:36] [#]} Na4 (31... gxh5 $6 32. Qe2 Qe5 33. Qxe5 fxe5 34. Rxe5 $11) (31... Nd7 $142 $1 32. h6+ Rxh6 33. Bxd5 (33. e8=B Rxe8 34. Qxe8 Ne5 $17) 33... Bxd5) 32. Ka1 Rxb2 (32... Nxb2 33. h6+ Kh7 (33... Rxh6 34. Rxd5 Bxd5 35. e8=Q $18) 34. h5) (32... Rhe8 $17 33. b3 cxb3 34. cxb3 Nc5) 33. Bxd5 $2 {[%emt 0:00:02][%mdl 8192] [#]} Qb4 $1 {[%emt 0:00:22] Black mates.} 34. h6+ {[%emt 0:00:19] [#]} (34. Qd4 Nc3) 34... Kh7 $1 35. h5 {[%emt 0:00:17] [#]} Rxa2+ $3 36. Kxa2 Qb2# {[%emt 0:00:00] Weighted Error Value: White=0.50/Black=0.21 (precise) .  Loses game:     	White=2     	---        Missed win:     	---       	Black=1      Mistake:       	White=1     	Black=2      Inaccurate:     	White=2     	Black=1      OK:         	White=5     	Black=9      Best:        	White=2     	Black=1      Strong:       	---       	Black=4} 0-1

[Event "CCT Chessable Masters D-III 2024"]
[Site "Online"]
[Date "2024.02.03"]
[Round "52"]
[White "Tabatabaei, M. Amin"]
[Black "BilodeauA"]
[Result "1-0"]
[ECO "E16"]
[WhiteElo "2696"]
[BlackElo "2616"]
[Annotator "ChessBase"]
[PlyCount "55"]
[EventDate "2024.01.12"]
[EventType "k.o."]
[EventCountry "NET"]
[SourceTitle "playchess.com"]
[Source "ChessBase"]
[SourceQuality "1"]
[TimeControl "600+2"]

1. d4 Nf6 2. Nf3 e6 3. c4 b6 4. g3 Ba6 5. b3 d5 6. cxd5 exd5 7. Bg2 Bb4+ 8. Bd2 Be7 9. O-O O-O 10. Nc3 Re8 11. a3 Bb7 12. b4 c6 13. Qb3 Nbd7 14. Rfd1 Bf8 15. a4 a5 16. bxa5 Rxa5 17. e4 dxe4 18. Nxe4 Rf5 19. Ne5 Nd5 20. Nxd7 Qxd7 21. Nc3 Rh5 22. Nxd5 cxd5 23. Qxb6 Re2 24. Qb5 Qg4 25. h3 Qe6 26. Re1 Ba6 27. Rxe2 Qd6 28. Qe8 1-0

[Event "CCT Chessable Masters D-III 2024"]
[Site "Online"]
[Date "2024.02.03"]
[Round "52"]
[White "Deac, Bogdan-Daniel"]
[Black "ViIIagra"]
[Result "1-0"]
[ECO "A46"]
[WhiteElo "2690"]
[BlackElo "2594"]
[Annotator "ChessBase"]
[PlyCount "107"]
[EventDate "2024.01.12"]
[EventType "k.o."]
[EventCountry "NET"]
[SourceTitle "playchess.com"]
[Source "ChessBase"]
[SourceQuality "1"]
[TimeControl "600+2"]

1. d4 Nf6 2. Nf3 d6 3. Nc3 Bf5 4. Nh4 Bd7 5. e4 e5 6. Nf3 exd4 7. Nxd4 Nc6 8. f3 Be7 9. Be3 O-O 10. Be2 Re8 11. O-O a6 12. Qd2 b5 13. Nxc6 Bxc6 14. Bd4 Nd7 15. Rae1 Bf6 16. a3 Bxd4+ 17. Qxd4 Qg5 18. Bd3 Qc5 19. Qxc5 dxc5 20. Rd1 Nb6 21. b3 b4 22. Ne2 a5 23. axb4 axb4 24. Ra1 Kf8 25. h4 Nd7 26. Kf2 g6 27. Nf4 Ke7 28. Bc4 Ne5 29. Be2 f5 30. exf5 gxf5 31. Rfe1 Kf6 32. Nh5+ Kg6 33. Nf4+ Kf6 34. Bf1 Ng6 35. Nh5+ Kf7 36. Bc4+ Kf8 37. Rxa8 Rxa8 38. Ng3 Ra2 39. Bd3 f4 40. Nf5 Bd7 41. h5 c4 42. bxc4 Nh8 43. Rb1 c5 44. Nd6 h6 45. Nb7 Be6 46. Kg1 Bf7 47. Nxc5 Bxh5 48. Ne6+ Ke7 49. Nxf4 Be8 50. Rxb4 Nf7 51. Nd5+ Kd6 52. Rb6+ Kc5 53. Re6 Bc6 54. Rxc6+ 1-0

[Event "CCT Chessable Masters D-III 2024"]
[Site "Online"]
[Date "2024.02.03"]
[Round "52"]
[White "Sargissian, Gabriel"]
[Black "Lysyj, Igor"]
[Result "0-1"]
[ECO "D24"]
[WhiteElo "2672"]
[BlackElo "2589"]
[Annotator "ChessBase"]
[PlyCount "70"]
[EventDate "2024.01.12"]
[EventType "k.o."]
[EventCountry "NET"]
[SourceTitle "playchess.com"]
[Source "ChessBase"]
[SourceQuality "1"]
[TimeControl "600+2"]

1. d4 Nf6 2. c4 e6 3. Nf3 d5 4. Nc3 dxc4 5. e4 Bb4 6. Bxc4 Nxe4 7. O-O Nf6 8. Qe2 O-O 9. Bg5 h6 10. Bh4 Be7 11. Rad1 Nbd7 12. Rfe1 Nb6 13. Bd3 Nfd5 14. Bg3 f5 15. h3 Bf6 16. Nxd5 Nxd5 17. Bc4 c6 18. Ne5 Bxe5 19. Bxe5 Bd7 20. Rd3 f4 21. Rb3 b5 22. Bd3 Qg5 23. Qe4 Rf5 24. Qf3 Rf7 25. a4 bxa4 26. Ra3 c5 27. Qe4 Rf5 28. Qf3 Rf7 29. dxc5 Bc6 30. Be4 Re8 31. b3 axb3 32. Rxb3 a5 33. Bd6 a4 34. Rb2 Qf6 35. Rd1 Qxb2 0-1

[Event "CCT Chessable Masters D-III 2024"]
[Site "Online"]
[Date "2024.02.03"]
[Round "52"]
[White "MashaPutina"]
[Black "Antipov, Mikhail Al."]
[Result "0-1"]
[ECO "D38"]
[WhiteElo "2640"]
[BlackElo "2604"]
[Annotator "ChessBase"]
[PlyCount "84"]
[EventDate "2024.01.12"]
[EventType "k.o."]
[EventCountry "NET"]
[SourceTitle "playchess.com"]
[Source "ChessBase"]
[SourceQuality "1"]
[TimeControl "600+2"]

1. d4 Nf6 2. c4 e6 3. Nf3 d5 4. Nc3 Bb4 5. Qa4+ Nc6 6. e3 O-O 7. Qc2 Re8 8. Bd2 Bf8 9. a3 h6 10. cxd5 exd5 11. h3 a6 12. Bd3 Bd6 13. g4 b5 14. Rg1 b4 15. Nxd5 Bb7 16. Nxf6+ Qxf6 17. Be2 Qxf3 18. Bxf3 Nxd4 19. Qc4 Nxf3+ 20. Ke2 a5 21. Rgc1 Ne5 22. Qf4 Ba6+ 23. Kd1 Rad8 24. axb4 Bxb4 25. Rc2 Nc4 26. Rxc4 Rxd2+ 27. Kc1 g5 28. Qxc7 Bxc4 29. Qxc4 Rxf2 30. Kb1 Rxe3 31. Ka2 Ra3+ 32. Kb1 Rxh3 33. Ka2 Ra3+ 34. Kb1 Re3 35. Ka2 Ree2 36. Rb1 Be7 37. Qc8+ Kg7 38. Qc3+ Bf6 39. Qxa5 Bxb2 40. Kb3 Re3+ 41. Kc4 Rf4+ 42. Kd5 Re5+ 0-1

[Event "CCT Chessable Masters D-III 2024"]
[Site "Online"]
[Date "2024.02.03"]
[Round "52"]
[White "Bortnyk, Oleksandr"]
[Black "kpio91"]
[Result "1-0"]
[ECO "B22"]
[WhiteElo "2637"]
[BlackElo "2432"]
[Annotator "NA"]
[PlyCount "85"]
[EventDate "2024.01.12"]
[EventType "k.o."]
[EventCountry "NET"]
[SourceTitle "playchess.com"]
[Source "ChessBase"]
[SourceQuality "1"]
[TimeControl "600+2"]

1. e4 c5 2. c3 Qa5 3. Nf3 Nc6 4. Na3 g6 5. d4 cxd4 6. b4 Qd8 7. b5 Nb8 8. Qxd4 Nf6 9. e5 Ng8 10. Nc4 Bg7 11. Bg5 f6 12. Bh4 fxe5 13. Qd5 d6 14. Ng5 Nh6 15. Bd3 Qd7 16. O-O Bf6 17. f4 Bxg5 18. Bxg5 Nf7 19. fxe5 Qe6 20. Rxf7 Qxf7 21. Qxf7+ Kxf7 22. exd6 Bf5 23. Bxf5 gxf5 24. dxe7 Nd7 25. Nd6+ Kg6 26. Bh4 Nc5 27. Re1 Ne4 28. Nxe4 fxe4 29. Rxe4 Rac8 30. c4 Rhe8 31. a4 Kf5 32. Rd4 Ke6 33. Kf2 Rc5 34. Ke3 Rf5 35. Rd8 Kf7 36. Rd7 Rh5 37. g3 b6 38. Rxa7 Rc5 39. Kd3 Rec8 40. Rd7 Re5 41. Rd8 Rc7 42. Rf8+ Kg7 43. e8=Q 1-0

[Event "CCT Chessable Masters D-III 2024"]
[Site "Online"]
[Date "2024.02.03"]
[Round "52"]
[White "Rakhmanov_Aleksandr"]
[Black "bardiya_Daneshvar"]
[Result "1/2-1/2"]
[ECO "D90"]
[WhiteElo "2633"]
[BlackElo "2587"]
[Annotator "ChessBase"]
[PlyCount "119"]
[EventDate "2024.01.12"]
[EventType "k.o."]
[EventCountry "NET"]
[SourceTitle "playchess.com"]
[Source "ChessBase"]
[SourceQuality "1"]
[TimeControl "600+2"]

1. d4 Nf6 2. c4 g6 3. Nc3 d5 4. Nf3 Bg7 5. cxd5 Nxd5 6. Qa4+ Nc6 7. e4 Nb6 8. Qc2 Bxd4 9. Bb5 Bg7 10. Bxc6+ bxc6 11. O-O Bg4 12. Nd2 c5 13. h3 Be6 14. Rd1 O-O 15. Nf3 Qe8 16. Bg5 Rb8 17. Rac1 h6 18. Bh4 Rb7 19. b3 c4 20. b4 Nc8 21. a3 Nd6 22. Nd4 Bd7 23. Qe2 e5 24. Nc2 Be6 25. Ne3 f6 26. f3 a6 27. Ncd5 Qf7 28. Nxc4 Bxd5 29. Nxd6 cxd6 30. Rxd5 Ra8 31. Rxd6 a5 32. b5 g5 33. Bf2 Bf8 34. Ra6 Rd8 35. a4 Bb4 36. Rcc6 Rd2 37. Qc4 Rd1+ 38. Kh2 Rd2 39. Be1 Rb2 40. Qxf7+ Rxf7 41. Bxb4 axb4 42. b6 b3 43. Ra8+ Kg7 44. Ra7 Rxg2+ 45. Kxg2 b2 46. Rcc7 b1=Q 47. Rxf7+ Kg6 48. Rfb7 Qc2+ 49. Kf1 Qd1+ 50. Kf2 Qd2+ 51. Kf1 Kh5 52. a5 Qd1+ 53. Kf2 Qd2+ 54. Kf1 Qd1+ 55. Kf2 Qc2+ 56. Ke3 Qc3+ 57. Ke2 Qc2+ 58. Ke3 Qc3+ 59. Ke2 Qc2+ 60. Ke3 1/2-1/2

[Event "CCT Chessable Masters D-III 2024"]
[Site "Online"]
[Date "2024.02.03"]
[Round "52"]
[White "Mishra, Abhimanyu"]
[Black "Yoo, Christopher Woojin"]
[Result "1/2-1/2"]
[ECO "B66"]
[WhiteElo "2627"]
[BlackElo "2595"]
[Annotator "ChessBase"]
[PlyCount "125"]
[EventDate "2024.01.12"]
[EventType "k.o."]
[EventCountry "NET"]
[SourceTitle "playchess.com"]
[Source "ChessBase"]
[SourceQuality "1"]
[TimeControl "600+2"]

1. e4 c5 2. Nf3 d6 3. d4 cxd4 4. Nxd4 Nf6 5. Nc3 Nc6 6. Bg5 e6 7. Qd2 a6 8. Nxc6 bxc6 9. O-O-O Be7 10. Bxf6 gxf6 11. Bc4 Qa5 12. f4 d5 13. Bb3 Bb7 14. exd5 O-O-O 15. Qe1 Bb4 16. dxe6 Rxd1+ 17. Qxd1 fxe6 18. Bxe6+ Kb8 19. Ne4 f5 20. Nf2 Re8 21. Bb3 Qb6 22. Nd3 Bd6 23. Qh5 Qe3+ 24. Kb1 Qe4 25. a3 Rd8 26. Re1 Qxg2 27. Qxh7 Bc8 28. Qh6 Qd2 29. Qf6 Rd7 30. Re8 Kc7 31. Qd4 c5 32. Qc4 Bb7 33. Nxc5 Bxc5 34. Qxc5+ Bc6 35. Qa7+ Bb7 36. Qb8+ Kb6 37. Re6+ Ka5 38. Qe5+ Bd5 39. Qc3+ Qxc3 40. bxc3 Bxe6 41. Bxe6 Rh7 42. Bxf5 Rxh2 43. Bd3 Rf2 44. f5 Kb6 45. Kb2 a5 46. c4 a4 47. Kc3 Kc5 48. Be4 Rf1 49. Kb2 Kd4 50. Bd3 Re1 51. f6 Re6 52. f7 Rf6 53. Bg6 Kxc4 54. Bh5 Kd4 55. Kc1 Ke5 56. c4 Kf4 57. c5 Kg5 58. c6 Rxc6+ 59. Kb2 Rf6 60. Bd1 Rxf7 61. Bxa4 Ra7 62. Bb3 Rxa3 63. Kxa3 1/2-1/2

[Event "CCT Chessable Masters D-III 2024"]
[Site "Online"]
[Date "2024.02.03"]
[Round "52"]
[White "BilodeauA"]
[Black "Tabatabaei, M. Amin"]
[Result "0-1"]
[ECO "C50"]
[WhiteElo "2622"]
[BlackElo "2696"]
[Annotator "TA"]
[PlyCount "62"]
[EventDate "2024.01.12"]
[EventType "k.o."]
[EventCountry "NET"]
[SourceTitle "playchess.com"]
[Source "ChessBase"]
[SourceQuality "1"]
[TimeControl "600+2"]

1. e4 e5 2. Nf3 Nc6 3. Bc4 Nf6 4. d3 Bc5 5. Nc3 h6 6. h3 a6 7. Be3 d6 8. Bxc5 dxc5 {[%emt 0:00:01] The position is equal.} 9. a4 Be6 10. Nd2 Qd6 11. Bxe6 Qxe6 12. Nc4 O-O 13. Ne3 b6 14. O-O Rad8 15. f4 exf4 16. Rxf4 Ne5 17. b3 c6 18. Qd2 b5 19. axb5 axb5 20. Raf1 (20. Nf5 $11) 20... Nh5 $15 21. Rh4 ({White should try} 21. Ne2 $15 Nxd3 (21... Nxf4 22. Nxf4 Qe8 23. Nf5 $17) 22. Rf5 (22. cxd3 Nxf4 23. Nxf4 Qxe4 $15)) 21... Ng3 $17 {[%emt 0:00:04][%cal Og7g5] [#] ...g5! is the strong threat.} 22. Rf2 (22. Rff4 $17 {is a better defense.} Ng6 23. Qe1 Nxh4 24. Qxg3) 22... g5 $19 23. Rg4 Nxg4 24. Nxg4 f5 25. exf5 Rxf5 26. Rxf5 Nxf5 27. Ne4 Nd4 (27... Ra8 $19 {White must now prevent ...Nd4.} 28. Kh2 Rb8) 28. Nxg5 $1 $15 {[%emt 0:00:53] Excellent horsemanship.} Ne2+ 29. Kf2 (29. Kh1 $15 Ng3+ (29... hxg5 $2 {perishes.} 30. Qxg5+ Kf7 31. Qxd8 $18) 30. Kg1) 29... Rf8+ $17 (29... hxg5 $2 {too greedy.} 30. Qxg5+ (30. Qxe2 Rf8+ 31. Ke1 Qxe2+ 32. Kxe2 Kg7 $17) 30... Kf7 31. Qxd8 $18) 30. Nf3 Nf4 {[%emt 0:00:04] Black is much more active.} 31. Qc3 $2 {[%emt 0:00:39][%mdl 8192] [#]} (31. Qe3 $17) 31... Qe2+ {[%emt 0:00:11] Weighted Error Value: White=0.46/Black=0.16 (very precise) .  Loses game:     	White=1     	---        Mistake:       	White=4     	Black=1      Inaccurate:     	White=2     	Black=2      OK:         	White=9     	Black=8      Best:        	White=1     	Black=6      Strong:       	White=1     	---} 0-1